 Dungeon Crawl Stone Soup version 0.25.1-8-g42b30a86e7 (webtiles) character file.

Game seed: 842264699985718697

410 hawla the Conjurer (level 6, -6/50 HPs)
             Began as a Draconian Conjurer on Dec 16, 2020.
             Mangled by an ogre
             ... wielding a +0 giant club
              (11 damage)
             ... on level 4 of the Dungeon.
             The game lasted 00:10:16 (4780 turns).

hawla the Conjurer (Draconian Conjurer)             Turns: 4780, Time: 00:10:17

Health: -6/50      AC:  8    Str: 10    XL:     6   Next: 58%
Magic:  8/12       EV: 12    Int: 18    God:
Gold:   255        SH:  0    Dex: 11    Spells: 6/13 levels left

rFire    + . .     SeeInvis .   (no weapon)
rCold    . . .     Gourm    .   (no shield)
rNeg     . . .     Faith    .   (armour unavailable)
rPois    .         Spirit   .   (helmet restricted)
rElec    .         Reflect  .   (no cloak)
rCorr    .         Harm     .   j - +0 pair of gloves
MR       .....                  i - +0 pair of boots
Stlth    ++........             (no amulet)
HPRegen  0.16/turn              (no ring)
MPRegen  0.13/turn              f - ring of protection from fire

@: no status effects
A: unfitting armour, cold-blooded, AC +6
a: no special abilities


You were on level 4 of the Dungeon.
You were hungry.

You visited 1 branch of the dungeon, and saw 4 of its levels.

You collected 255 gold pieces.

Inventory:

Armour
 i - a +0 pair of boots (worn)
 j - a +0 pair of gloves (worn)
Jewellery
 f - a ring of protection from fire (right hand)
 n - an uncursed ring of poison resistance {unknown}
 q - an uncursed ring of protection from magic {unknown}
 t - an uncursed amulet of guardian spirit {unknown}
Wands
 g - a wand of acid (6)
Scrolls
 c - 3 scrolls of teleportation
 d - a scroll of magic mapping
 e - 2 scrolls of fog
 l - 2 scrolls of remove curse
 r - a scroll of enchant weapon {unknown}
 s - 2 scrolls of identify
 u - a scroll of blinking {unknown}
Potions
 a - a potion of lignification {unknown}
 h - 3 potions of brilliance {unknown}
 k - a potion of heal wounds {unknown}
 m - 2 potions of might {unknown}
 o - 2 potions of stabbing {unknown}
 p - a potion of berserk rage {unknown}
Comestibles
 b - 10 rations


   Skills:
 - Level 2.5 Fighting
 - Level 2.5 Dodging
 - Level 2.0 Stealth
 - Level 4.0 Spellcasting
 + Level 5.1 Conjurations
 + Level 2.8 Translocations


You had 6 spell levels left.
You knew the following spells:

 Your Spells              Type           Power        Failure   Level  Hunger
a - Magic Dart            Conj           ###.         1%          1    None
b - Searing Ray           Conj           ###...       2%          2    ##.....
c - Iskenderun's Mystic   Conj/Tloc      ###.....     28%         4    ####...

Your spell library contained the following spells:

 Spells                   Type           Power        Failure   Level  Hunger
 Dazzling Flash           Conj/Hex       ##....       16%         3    ###....
 Fulminant Prism          Conj/Hex       ##........   45%         4    ####...


Dungeon Overview and Level Annotations

Branches:
Dungeon (4/15)
 Temple: D:4-7

Altars:
Elyvilon
The Shining One


Innate Abilities, Weirdness & Mutations

Your plain brown scales are hard. (AC +6)
You cannot fit into any form of body armour.
You are cold-blooded and may be slowed by cold attacks.


Message History

You climb downwards.
The ogre hits you with a +0 giant club! The ogre misses you.
There is a stone staircase leading up, spattered with blood here.
Casting: Magic Dart (safe; 1% risk of failure)
Confirm with . or Enter, or press ? or * to list all spells.
Aiming: Searing Ray (safe; 2% risk of failure)
Press: ? - help, Shift-Dir - straight line, f - ogre
Aim: an ogre, wielding a +0 giant club (moderately wounded)
The searing ray hits the ogre.
The ogre is moderately wounded. (Press . to maintain the ray.)
The searing ray hits the ogre.
The ogre is heavily wounded.
The ogre hits you with a +0 giant club!!
Ouch! That really hurt!
* * * LOW HITPOINT WARNING * * *
The searing ray hits the ogre!
The ogre is almost dead.
The ogre hits you with a +0 giant club!
You die...

#.##...≈≈≈≈≈≈..#.#
#.###.###
#.##...o≈≈≈≈(.##.#
#.###...#
..##...w≈≈P≈..##.#
###.##....####
####..≈≈≈≈P≈..##.#
#......_......
#..≈≈≈≈≈...##.#
#.###....##.#.
####...≈≈≈≈...##.###.#
#...## .#
..)#..P≈≈≈P..........#
###.# #
##)##..≈≈≈≈....#.##.##
#...
##<##.≈≈≈≈P..#.#@...#
#[###
.#.##.≈≈≈≈...#.O)#..#
..
.O....P≈≈P..##...#..#
..
####...≈≈≈..##......#
......P≈≈P≈...).>...#
####.PP≈≈P..####)...#
.###.≈≈≈≈P..####....#
.....≈P≈≈P.....'....#
###...≈≈≈PP..###....#


You could see an ogre.

Vanquished Creatures
  A phantom (D:4)
  A hound (D:4)
  2 orc priests
  2 orc wizards (D:4)
  2 worker ants
  2 adders
  An ooze (D:3)
  A worm (D:3)
  2 dart slugs
  2 leopard geckos
  13 orcs
  13 bats
  3 giant cockroaches
  5 goblins
  13 hobgoblins
  4 jackals (D:3)
  5 kobolds
  2 quokkas
  2 ball pythons (D:1)
  7 frilled lizards
  4 rats
87 creatures vanquished.

Vanquished Creatures (others)
  2 plants (D:4)
2 creatures vanquished.

Grand Total: 89 creatures vanquished

Notes
Turn   | Place    | Note
-------+----------+-------------------------------------------
     0 | D:1      | hawla the Draconian Conjurer began the quest for the Orb.
     0 | D:1      | Reached XP level 1. HP: 14/14 MP: 3/3
   196 | D:1      | Reached XP level 2. HP: 22/22 MP: 0/5
   200 | D:1      | Learned a level 2 spell: Searing Ray
   383 | D:1      | Reached skill level 1 in Fighting
  1016 | D:1      | Reached XP level 3. HP: 28/28 MP: 0/6
  1450 | D:2      | Found a white marble altar of Elyvilon.
  2177 | D:3      | Reached XP level 4. HP: 36/36 MP: 2/8
  3343 | D:3      | Reached XP level 5. HP: 42/42 MP: 5/10
  3478 | D:3      | Learned a level 4 spell: Iskenderun's Mystic Blast
  3661 | D:4      | Found a glowing golden altar of the Shining One.
  3661 | D:4      | Noticed a phantom
  3699 | D:4      | Killed a phantom
  3699 | D:4      | Reached skill level 1 in Translocations
  3984 | D:4      | Reached XP level 6. HP: 49/50 MP: 6/12
  4547 | D:4      | Reached skill level 5 in Conjurations
  4780 | D:4      | Mangled by an ogre

Illustrated notes

Levels and vault maps discovered:
D:1:      nicolae_arrival_memento_mori, layout_loops_ring, st_stairs_6,
          nrook_mini_backslash, minmay_pentomino_q4
D:2:      layout_basic, old_standard_altar
D:3:      layout_basic
D:4:      layout_basic, nicolae_overflow_crystal_walls, dk_noncrumbling_4,
          chequers_big_river, lemuel_blue_sif_altar

Skill      XL: |  1  2  3  4  5  6 |
---------------+-------------------+-----
Stealth        | 2 |  2.0
Dodging        | 2 |  2.5
Fighting       | 1 2 |  2.5
Spellcasting   | 3 4 |  4.0
Translocations | 1 2 |  2.8
Conjurations   | 5 |  5.1

Action                   |  1- 3 |  4- 6 || total
-------------------------+-------+-------++-------
Melee: Unarmed           |    38 |    27 ||    65
       Tailslap          |     1 |     2 ||     3
 Cast: Magic Dart        |    59 |    66 ||   125
       Searing Ray       |    17 |    30 ||    47
  Use: Scroll            |     6 |     1 ||     7
  Eat: Chunk             |     5 |     9 ||    14
Armor: Skin              |    32 |    11 ||    43
Dodge: Dodged            |    41 |    43 ||    84
